 Dungeon Crawl Stone Soup version 0.26.1-2-gb8aa6d0cf2 (webtiles) character file.

Game seed: 12276580250162927275

155 funkygono the Firebug (level 5, -1/35 HPs)
             Began as a Demonspawn Fire Elementalist on Feb 17, 2021.
             Slain by an orc priest
             ... wielding a cursed -1 flail
              (5 damage)
             ... on level 3 of the Dungeon.
             The game lasted 00:04:47 (2832 turns).

funkygono the Firebug (DsFE)                        Turns: 2832, Time: 00:04:47

Health: -1/35      AC:  4    Str:  9    XL:     5   Next: 14%
Magic:  9/9        EV: 12    Int: 17    God:
Gold:   106        SH:  0    Dex: 13    Spells: 9/10 levels left

rFire    . . .     SeeInvis .   c - +1 dagger
rCold    . . .     Faith    .   (no shield)
rNeg     . . .     Spirit   .   a - +1 robe
rPois    .         Reflect  .   h - +0 helmet
rElec    .         Harm     .   (no cloak)
rCorr    .         Rampage  .   (no gloves)
Will     .....                  (no boots)
Stlth    +.........             (no amulet)
HPRegen  0.11/turn              b - ring of flight
MPRegen  0.11/turn              (no ring)

@: very slow
A: hooves 2, foul stench 1, miasma immunity
a: Evoke Flight


You were on level 3 of the Dungeon.
You visited 1 branch of the dungeon, and saw 3 of its levels.

You collected 106 gold pieces.

Inventory:

Hand Weapons
 c - a +1 dagger (weapon)
Missiles
 d - 47 stones
Armour
 a - a +1 robe (worn)
 h - a +0 helmet (worn)
Jewellery
 b - a ring of flight (left hand)
Scrolls
 j - a scroll of amnesia
Potions
 k - a potion of curing {unknown}


   Skills:
 + Level 0.2 Fighting
 + Level 1.8 Dodging
 + Level 2.0 Stealth
 * Level 3.2 Spellcasting
 * Level 2.5 Conjurations
 * Level 3.8 Fire Magic


You had 9 spell levels left.
You knew the following spells:

 Your Spells              Type           Power        Failure   Level
a - Foxfire               Conj/Fire      52%          4%          1

Your spell library contained the following spells:

 Spells                   Type           Power        Failure   Level
 Conjure Flame            Conj/Fire      13%          14%         3
 Inner Flame              Hex/Fire       9%           24%         3
 Sticky Flame             Conj/Fire      13%          43%         4
 Fireball                 Conj/Fire      6%           78%         5


Dungeon Overview and Level Annotations

Branches:
Dungeon (3/15)

Altars:


Innate Abilities, Weirdness & Mutations

You have hoof-like feet.
You may emit foul miasma when damaged in melee.
You are immune to miasma.


Message History

You barely resist.
The orc priest mumbles some strange prayers to Beogh against you.
Pain shoots through your body!
You enter the shallow water.
Moving in this stuff is going to be slow.
Found a mace.
Your unstable footing causes you to fumble your attack.
Your unstable footing causes you to fumble your attack.
The orc priest hits you with a cursed -1 flail.
Casting: Foxfire (safe; 4% risk of failure)
Confirm with . or Enter, or press ? or * to list all spells.
You conjure some foxfire!
The orc priest barely misses you.
Your unstable footing causes you to fumble your attack.
The orc priest hits you with a cursed -1 flail!
* * * LOW HITPOINT WARNING * * *
You hit the orc priest.
The orc priest is lightly wounded.
It was a potion of magic.
Magic courses through your body.
The orc priest hits you with a cursed -1 flail.
You die...

#. #### .. )#♣≈♣P♣
.### ≈♣♣♣≈
♣≈≈P≈≈≈♣...## #♣♣≈≈≈P
♣♣♣≈P≈≈P≈P#..# ♣≈P≈≈≈≈
≈≈≈≈≈≈≈≈≈P...# .......
..........§.# ≈≈PP≈≈≈
≈≈≈≈≈≈≈≈@♣§§# ≈≈≈P≈≈≈
≈≈≈≈≈≈≈P♣og###
≈≈P≈≈≈)♣P♣≈≈≈≈P♣#K...#
♣♣<#.≈≈≈≈♣.#....#
♣♣..).#####......#
♣.†K#########....#
♣....K.gr.o......#
♣♣..#########....#
♣≈.# #....#


You could see an orc priest (sick), a hobgoblin and a kobold.

Vanquished Creatures
  6 adders (D:2)
  3 gnolls (D:2)
  2 oozes
  A worm (D:2)
  2 dart slugs (D:1)
  3 leopard geckos
  4 orcs (D:3)
  2 giant cockroaches
  7 goblins
  5 hobgoblins
  3 jackals (D:2)
  A ball python (D:2)
  4 bats
  A frilled lizard (D:1)
  5 kobolds
  4 rats
53 creatures vanquished.

Vanquished Creatures (collateral kills)
  11 foxfires
11 creatures vanquished.

Vanquished Creatures (others)
  152 foxfires
  50 plants
202 creatures vanquished.

Grand Total: 266 creatures vanquished

Notes
Turn   | Place    | Note
-------+----------+-------------------------------------------
     0 | D:1      | funkygono the Demonspawn Fire Elementalist began the quest
                  | for the Orb.
     0 | D:1      | Reached XP level 1. HP: 13/13 MP: 3/3
   614 | D:1      | Gained mutation: You are immune to miasma. [demonic
                  | ancestry]
   614 | D:1      | Reached XP level 2. HP: 19/19 MP: 1/5
  1633 | D:2      | Gained mutation: You may emit foul miasma when damaged in
                  | melee. [demonic ancestry]
  1633 | D:2      | Reached XP level 3. HP: 24/24 MP: 1/6
  1867 | D:2      | Gained mutation: You have large cloven feet. [demonic
                  | ancestry]
  1867 | D:2      | Reached XP level 4. HP: 21/30 MP: 0/7
  2683 | D:2      | Gained mutation: You have hoof-like feet. [demonic
                  | ancestry]
  2683 | D:2      | Reached XP level 5. HP: 35/35 MP: 5/9
  2832 | D:3      | Slain by an orc priest

Illustrated notes

Levels and vault maps discovered:
D:1:      dpeg_arrival_round_b, layout_loops_ring, minmay_misc_feat_rows,
          hangedman_decor_clover_reticule, grunt_decor_junction, hex_medium
D:2:      layout_basic, serial_bayou, serial_bayou_lake_a, serial_bayou_pond_a,
          serial_bayou_lagoon_a, serial_bayou_pond_e
D:3:      layout_rooms, serial_bayou_lagoon_b

Skill      XL: |  1  2  3  4 |
---------------+-------------+-----
Stealth        | 2 |  2.0
Fire Magic     | 3 |  3.8
Conjurations   | 2 |  2.5
Spellcasting   | 3 |  3.2
Fighting       | |  0.2
Dodging        | |  1.8

Action                   |  1- 3 |  4- 6 || total
-------------------------+-------+-------++-------
Melee: Unarmed           |     4 |       ||     4
       Dagger            |    12 |    15 ||    27
       Kick              |       |     1 ||     1
 Cast: Foxfire           |    56 |    40 ||    96
  Use: Scroll            |     6 |     3 ||     9
       Potion            |       |     1 ||     1
Armor: Robe              |     5 |     6 ||    11
Dodge: Dodged            |    11 |    18 ||    29
